 Dungeon Crawl Stone Soup version 0.27.1-33-g824d729ab1 (webtiles) character file.

Game seed: 7385689191571896392

21 klutch the Caller (level 2, 0/19 HPs)
             Began as a Demonspawn Summoner on Dec 6, 2021.
             Slain by a phantom (2 damage)
             ... on level 2 of the Dungeon.
             The game lasted 00:08:53 (1831 turns).

klutch the Caller (Demonspawn Summoner)             Turns: 1831, Time: 00:08:54

Health: 0/19       AC:  4    Str:  8    XL:     2   Next: 62%
Magic:  0/5        EV: 12    Int: 16    God:
Gold:   24         SH:  0    Dex: 13    Spells: 2/5 levels left

rFire    . . .     SeeInvis .   (no weapon)
rCold    . . .     Faith    .   (no shield)
rNeg     . . .     Spirit   .   a - +0 robe
rPois    .         Reflect  .   (no helmet)
rElec    .         Harm     .   (no cloak)
rCorr    .         Rampage  .   (no gloves)
Will     .....                  (no boots)
Stlth    ++........             (no amulet)
HPRegen  0.06/turn              (no ring)
MPRegen  0.09/turn              (no ring)

@: no status effects
A: slimy green scales 1
a: no special abilities


You were on level 2 of the Dungeon.
You visited 1 branch of the dungeon, and saw 2 of its levels.

You collected 24 gold pieces.

Inventory:

Missiles
 c - a throwing net
Armour
 a - a +0 robe (worn)
Potions
 b - 2 potions of heal wounds {unknown}


   Skills:
 + Level 0.2 Fighting
 + Level 0.6 Throwing
 + Level 2.0 Dodging
 + Level 2.1 Stealth
 + Level 2.2 Spellcasting
 + Level 4.1 Summonings


You had 2 spell levels left.
You knew the following spells:

 Your Spells              Type           Power      Damage    Failure   Level
a - Summon Small Mammal   Summ           60%        N/A       3%          1
b - Call Imp              Summ           15%        N/A       5%          2

Your spell library contained the following spells:

 Spells                   Type           Power      Damage    Failure   Level
 Call Canine Familiar     Summ           15%        N/A       11%         3
 Summon Guardian Golem    Hex/Summ       8%         N/A       26%         3
 Summon Lightning Spire   Summ/Air       8%         N/A       65%         4
 Chain Lightning          Conj/Air       0%         2d1       100%        9
 Fire Storm               Conj/Fire      0%         6d1       100%        9


Dungeon Overview and Level Annotations

Branches:
Dungeon (2/15)

Altars:


Innate Abilities, Weirdness & Mutations

You are partially covered in slimy green scales. (AC +2)


Message History

The phantom hits your bat.
Your bat dies!
Your bat's corpse disappears in a puff of smoke!
Your quokka bites the phantom.
Your white imp misses the phantom.
Your quokka barely misses the phantom.
The phantom barely misses your quokka.
Your white imp misses the phantom.
You hit the phantom.
The phantom is severely damaged.
Your quokka bites the phantom.
The phantom closely misses you.
Your white imp hits the phantom.
Your white imp freezes the phantom.
The phantom resists.
You barely miss the phantom.
The phantom is severely damaged.
Your quokka closely misses the phantom.
The phantom hits you but does no damage.
Your white imp closely misses the phantom.
Your quokka closely misses the phantom.
You hit the phantom but do no damage.
The phantom is severely damaged.
The phantom hits you but does no damage.
Your quokka barely misses the phantom.
Your white imp hits the phantom.
Your white imp freezes the phantom.
The phantom completely resists.
Casting: Summon Small Mammal (safe; 3% risk of failure)
Confirm with . or Enter, or press ? or * to list all spells.
The phantom hits you.
* * * LOW HITPOINT WARNING * * *
The phantom blinks!
You blink.
Your white imp gestures at the phantom.
The puff of frost misses the phantom.
What are your orders? t - Shout!
Orders for allies: a - Attack new target. p - Attack previous target. r - Retreat! s - Stop attacking. g - Guard the area. f - Follow me.
Anything else - Cancel.
Gang up on whom?
Press: ? - help, Dir - move target, f/p - phantom
Aim: a phantom (severely damaged, ally target) Attack!
The phantom hits you.
You die...

##..$##########
#...5......>...
##...##########
##..# #r.# ...#
#.## #W# #@#
#.# #.# #.# ^.#
#.# ... ...


You could see a phantom (ally target), a friendly white imp (summoned) and a
friendly quokka (summoned).

Vanquished Creatures
  A rat (D:1)
1 creature vanquished.

Vanquished Creatures (collateral kills)
  An adder (D:2)
  A dart slug (D:1)
  An endoplasm (D:1)
  A giant cockroach (D:2)
  A goblin (D:1)
  2 hobgoblins (D:1)
  3 quokkas (D:1)
  A ball python (D:1)
  2 bats (D:1)
  A frilled lizard (D:1)
  4 kobolds (D:1)
  4 rats (D:1)
22 creatures vanquished.

Grand Total: 23 creatures vanquished

Notes
Turn   | Place    | Note
-------+----------+-------------------------------------------
     0 | D:1      | klutch the Demonspawn Summoner began the quest for the Orb.
     0 | D:1      | Reached XP level 1. HP: 13/13 MP: 3/3
   895 | D:1      | Gained mutation: You are partially covered in slimy green
                  | scales. (AC +2) [demonic ancestry]
   895 | D:1      | Reached XP level 2. HP: 18/19 MP: 1/5
   976 | D:1      | Learned a level 2 spell: Call Imp
  1257 | D:1      | Found a faded altar of an unknown god.
  1798 | D:2      | Noticed a phantom
  1831 | D:2      | Slain by a phantom

Illustrated notes

Levels and vault maps discovered:
D:1:      amcnicky_arrival_flooded_fountain, layout_basic,
          basic_ecumenical_altar, minmay_misc_feat_diagonals
D:2:      layout_loops_corners, st_stairs_8, uniq_terence

Skill      XL: |  1  2 |
---------------+-------+-----
Stealth        | 2 |  2.1
Dodging        | 2 |  2.0
Fighting       | |  0.2
Throwing       | |  0.6
Spellcasting   | |  2.2
Summonings     | |  4.1

Action                   || total
-------------------------++-------
Melee: Unarmed           ||    42
 Cast: Summon Small Mamm ||    31
       Call Imp          ||    10
 Stab: Sleeping          ||     2
Armor: Robe              ||    30
Dodge: Dodged            ||    59
